 Dungeon Crawl Stone Soup version 0.32-a0-630-g46d191b0ed (webtiles) character file.

Game seed: 2811892876632210923

29 Esekla the Sneak (level 3, 13/26 HPs)
             Began as an Octopode Delver on Mar 7, 2024.
             Quit the game on level 5 of the Dungeon.
             The game lasted 00:01:47 (82 turns).

Esekla the Sneak (Octopode Delver)                    Turns: 82, Time: 00:01:48

Health: 13/26      AC:  1    Str: 11    XL:     3   Next: 16%
Magic:  3/3        EV: 13    Int: 14    God:
Gold:   22         SH:  0    Dex: 13    Spells: 3/3 levels left

rFire   . . .        a - +0 falchion
rCold   . . .        (no shield)
rNeg    . . .        (helmet restricted)
rPois   .            (no amulet)
rElec   .            (no ring)
rCorr   .            (no ring)
SInv    .            (no ring)
Will    .....        (no ring)
Stlth   ++++         (no ring)
HPRegen 0.24/turn    (no ring)
MPRegen 0.08/turn    (no ring)
                     (no ring)

%: no passive effects
@: no status effects
A: almost no armour, amphibious, 8 rings, camouflage 1, gelatinous body 1,
(nimble swimmer 1), tentacles
a: no special abilities


You were on level 5 of the Dungeon.
You visited 1 branch of the dungeon, and saw 1 of its levels.

You collected 22 gold pieces.

Inventory:

Hand Weapons
 a - a +0 falchion (weapon)
Wands
 f - a wand of digging (3)
Scrolls
 b - a scroll of fog
 d - a scroll of fear
Potions
 e - a potion of haste


   Skills:
 * Level 3.2 Fighting
 + Level 2.0 Long Blades
 * Level 2.3 Dodging
 + Level 7.2 Stealth
 * Level 0.6 Spellcasting


You had 3 spell levels left.
You didn't know any spells.
Your spell library was empty.

Dungeon Overview and Level Annotations

Branches:
Dungeon (5/15)
 Temple: D:4-7

Altars:

Shops:
D:5 *


Innate Abilities, Weirdness & Mutations

You cannot wear most types of armour.
You are amphibious.
You can wear up to eight rings at the same time.
Your skin changes colour to match your surroundings (Stealth+).
Your rubbery body absorbs attacks. (AC +1, EV +1)
((You are camouflaged when in or above water. (Stealth+)))
You have tentacles for arms and can constrict up to eight enemies at once.


Message History

Found a chain mail.
Found an escape hatch in the ceiling.
Found 6 stones.
There is an escape hatch in the ceiling here.
Found a chain mail.
You see here a +0 chain mail.
Found Xocs's Neck Hole.
A hound comes into view.
The hound barks!
The hound bites you. The hound bites you. The hound attacks as it pursues you!
The hound barely misses you. The hound attacks as it pursues you!
The hound closely misses you. The hound bites you.
The hound attacks as it pursues you! The hound bites you but does no damage.
There is an entrance to Xocs's Neck Hole here.
You can access your shopping list by pressing '$'.
Are you sure you want to abandon this character and quit the game? (Confirm with "yes".)
Okay, then.
You barely miss the hound. Your grab misses the hound.
The hound completely misses you. The hound closely misses you.
You closely miss the hound. Your grab misses the hound.
You squeeze the hound, but do no damage.
The hound bites you but does no damage. The hound bites you.
You closely miss the hound. You grab the hound. You squeeze the hound.
The hound is moderately wounded.
You constrict the hound. The hound closely misses you. x2
You completely miss the hound.
The hound is moderately wounded.
You constrict the hound. The hound bites you but does no damage.
The hound bites you.
You slash the hound! You squeeze the hound.
You kill the hound!
Your Stealth skill increases to level 7!
You have reached level 2!
You have reached level 3!
Your experience leads to an increase in your attributes!
Increase (S)trength, (I)ntelligence, or (D)exterity?
You feel clever. x2
Are you sure you want to abandon this character and quit the game? (Confirm with "yes".)

*,* #.# #.# *,* #.# #.< *,*
###*** #.# #.# *,*
#....######.###.# **,*
#...........[...# *,,* ##**
#..#######...##.# *,**
#..**#.#.............# *,*
#...###......##...##.# *,*
#....@†...##.###.###.# *,*
#...###......#*#.#*#.# *,*
#..** ##.............# *,*
##** *#.###..###.##*.# *,*
#..,,.....,..,*,* *,*
#..*##..###,*,*,* *,* #..*
#..#**,*,*,*
*,********#..**#...,,,*,*,*
*,,,,,,,,,,,,,,.....,,*,*,*


There were no monsters in sight!

Vanquished Creatures
  A hound (D:5)
1 creature vanquished.

Notes
Turn   | Place    | Note
-------+----------+-------------------------------------------
     0 | D:5      | Esekla the Octopode Delver began the quest for the Orb.
     0 | D:5      | Reached XP level 1. HP: 16/16 MP: 1/1
    61 | D:5      | Found Xocs's Neck Hole.
    62 | D:5      | Noticed a hound
    81 | D:5      | Killed a hound
    82 | D:5      | Reached skill level 7 in Stealth
    82 | D:5      | Reached XP level 2. HP: 10/21 MP: 2/2
    82 | D:5      | Reached XP level 3. HP: 13/26 MP: 3/3
    82 | D:5      | Quit the game

Illustrated notes

Levels and vault maps discovered:
D:5:      layout_loops_ring, nicolae_hexahallways,
          nicolae_shop_sticking_my_neck_out, uniq_crazy_yiuf_cottage

Skill      XL: |  1 |
---------------+----+-----
Stealth        | 7 |  7.2
Fighting       | |  3.2
Long Blades    | |  2.0
Dodging        | |  2.3
Spellcasting   | |  0.6

Action                     || total
---------------------------++-------
  Melee: Falchion          ||     5
         Tentacles         ||     3
         Constrict         ||     1
    Use: Scroll            ||     1
 Armour: Skin              ||     8
  Dodge: Dodged            ||     6

Table legend: (Time is in decaauts)
 A = Elapsed time spent in this place.
 B = Non-inter-level travel time spent in this place.
 C = Inter-level travel time spent in this place.
 D = Time resting spent in this place.
 E = Time spent auto-exploring this place.
 F = Levels seen in this place.
 G = Mean time per level.
                   A        B        C        D        E       F      G
               +--------+--------+--------+--------+--------+-----+--------+
         Total |     83 |     83 |      0 |      0 |      0 |   1 |   83.0 |
       Dungeon |     83 |     83 |      0 |      0 |      0 |   1 |   83.0 |
               +--------+--------+--------+--------+--------+-----+--------+

Top non-repeatable levels by time:
     D:5: 83 daAuts
